 Dungeon Crawl Stone Soup version 0.20-a0-738-gb057e68 (webtiles) character file.

1035 Gorglomux the Reanimator (level 8, -8/41 HPs)
             Began as a Deep Elf Necromancer on Feb 23, 2017.
             Mangled by a two-headed ogre
             ... wielding a +0 giant spiked club
              (28 damage)
             ... on level 5 of the Dungeon.
             The game lasted 00:15:57 (4462 turns).

Gorglomux the Reanimator (Deep Elf Necromancer)     Turns: 4462, Time: 00:15:58

Health: -8/41      AC:  7    Str:  5    XL:     8   Next: 3%
Magic:  15/23      EV: 13    Int: 25    God:
Gold:   212        SH:  0    Dex: 15    Spells: 10/25 levels left

rFire    . . .     SeeInvis .   y - +0 mace (holy)
rCold    . . .     Gourm    .   a - +1 robe
rNeg     . . .     Faith    .   (no shield)
rPois    .         Spirit   .   (no helmet)
rElec    .         Reflect  .   (no cloak)
rCorr    +         Harm     .   (no gloves)
MR       .....                  (no boots)
Stlth    ++........             F - amulet of inaccuracy (curse)
Regen    0.2/turn               (no ring)
MPRegen  0.2/turn               g - ring of resist corrosion

@: about to teleport
A: iridescent scales 1, thin metallic scales 1, clever 1
a: no special abilities


You were on level 5 of the Dungeon.
You were not hungry.

You visited 1 branch of the dungeon, and saw 5 of its levels.

You collected 212 gold pieces.

Inventory:

Hand Weapons
 f - a +0 dagger
 y - a +0 mace of holy wrath (weapon)
Armour
 a - a +1 robe (worn)
Jewellery
 g - a ring of resist corrosion (left hand)
 q - an uncursed ring of ice
 F - a cursed amulet of inaccuracy (around neck)
Scrolls
 o - a scroll of random uselessness
 A - a scroll of enchant armour
 R - 3 scrolls of identify
 T - 2 scrolls of teleportation
 U - a scroll of blinking {unknown}
 W - a scroll of remove curse {unknown}
Potions
 j - a potion of might
 l - 2 potions of curing
 m - a potion of ambrosia {unknown}
 n - a potion of haste
 p - a potion of resistance {unknown}
 t - 3 potions of magic {unknown}
 u - a potion of berserk rage {unknown}
 w - 2 potions of agility
 x - a potion of cancellation {unknown}
 z - a potion of mutation
 C - a potion of invisibility {unknown}
Books
 b - a book of Necromancy

   Spells                             Type                      Level
   a - Pain                           Necromancy                   1
   b - Animate Skeleton               Necromancy                   1
   c - Vampiric Draining              Necromancy                   3
   d - Regeneration                   Charms/Necromancy            3
   e - Animate Dead                   Necromancy                   4
   f - Control Undead                 Necromancy                   4
 v - a book of Cantrips

   Spells                             Type                      Level
   a - Confusing Touch                Hexes                        1
   b - Animate Skeleton               Necromancy                   1
   c - Summon Small Mammal            Summoning                    1
   d - Apportation                    Translocation                1
Comestibles
 c - 3 bread rations
 d - 3 meat rations
 E - 3 fruits
 X - 2 royal jellies
 Y - 2 chunks of flesh


   Skills:
 - Level 2.4 Dodging
 - Level 2.4 Stealth
 + Level 9.0 Spellcasting
 - Level 3.3 Charms
 + Level 9.0 Necromancy


You had 10 spell levels left.
You knew the following spells:

 Your Spells              Type           Power        Failure   Level  Hunger
a - Pain                  Necr           ####         1%          1    None
v - Vampiric Draining     Necr           ######....   1%          3    None
E - Animate Dead          Necr           N/A          1%          4    ##.....
R - Regeneration          Chrm/Necr      #####.....   1%          3    None
U - Control Undead        Necr           ######....   1%          4    ##.....


Dungeon Overview and Level Annotations

Branches:
Dungeon (5/15)
 Temple: D:4-7

Altars:
Cheibriados
Dithmenos
Elyvilon

Annotations:
D:5 Blork the orc


Innate Abilities, Weirdness & Mutations

You are partially covered in iridescent scales. (AC +2)
You are partially covered in thin metallic scales. (AC +2)
Your mind is acute. (Int +2)


Message History

Really attack your phantom?
You barely miss your phantom.
The phantom is no longer charmed.
The phantom is almost destroyed.
The phantom barely misses you.
You barely miss the phantom.
The phantom is almost destroyed.
The phantom blinks!
Blork the orc looks satisfied for a moment.
You hit the phantom but do no damage.
The phantom is almost destroyed.
The two-headed ogre hits you with a giant spiked club!
The two-headed ogre hits you with a giant club!
The phantom hits you.
* * * LOW HITPOINT WARNING * * *
Unknown command.
As you read the scroll of teleportation, it crumbles to dust.
You feel strangely unstable.
The phantom blinks!
The two-headed ogre hits you with a giant spiked club!!
Ouch! That really hurt!
You die...

####....... ##..
###.###.. #......
##....##.# .....
##.....#### ..
##..##..##
#####..####>.###
##W...####.......
##..o.##
##.......
##....##
#........ #.@O..#
#........
#..ยง.##
#........ ##.###
####.##.# ###
######


You could see a two-headed ogre, a phantom and Blork the orc.

Vanquished Creatures
  The ghost of WereVolvo the Poker, an amateur MfGl (D:4)
  Sigmund (D:3)
  A black bear (D:3)
  A phantom (D:4)
  3 ogres
  A hound (D:5)
  A bullfrog skeleton (D:4)
  A worker ant (D:4)
  3 gnolls (D:3)
  7 adders
  An adder skeleton (D:4)
  A worm (D:3)
  A dart slug (D:1)
  A leopard gecko (D:2)
  9 orcs
  A ball python (D:2)
  4 giant cockroaches
  9 goblins
  14 hobgoblins
  4 jackals
  2 quokkas
  9 bats
  9 frilled lizards
  6 kobolds
  9 rats
100 creatures vanquished.

Vanquished Creatures (collateral kills)
  An orc wizard (D:4)
  A hound skeleton (D:4)
2 creatures vanquished.

Grand Total: 102 creatures vanquished

Notes
Turn   | Place    | Note
-------+----------+-------------------------------------------
     0 | D:1      | Gorglomux the Deep Elf Necromancer began the quest for the Orb.
     0 | D:1      | Reached XP level 1. HP: 10/10 MP: 6/6
   344 | D:1      | Reached XP level 2. HP: 12/15 MP: 3/8
  1055 | D:2      | Reached XP level 3. HP: 19/19 MP: 8/10
  1060 | D:2      | Learned a level 3 spell: Vampiric Draining
  1064 | D:2      | Learned a level 3 spell: Regeneration
  1141 | D:2      | Found a shadowy altar of Dithmenos.
  1341 | D:2      | Found a faded altar of an unknown god.
  1913 | D:3      | Noticed a black bear
  2000 | D:3      | Reached XP level 4. HP: 24/24 MP: 10/12
  2015 | D:3      | Learned a level 4 spell: Animate Dead
  2168 | D:3      | Noticed Sigmund
  2227 | D:3      | Gained mutation: You are partially covered in iridescent scales. (AC +2) [potion of mutation]
  2227 | D:3      | Gained mutation: You are partially covered in thin metallic scales. (AC +2) [potion of mutation]
  2227 | D:3      | Gained mutation: Your mind is acute. (Int +2) [potion of mutation]
  2288 | D:3      | Killed Sigmund
  2288 | D:3      | Reached skill level 6 in Spellcasting
  2288 | D:3      | Reached skill level 6 in Necromancy
  2288 | D:3      | Reached XP level 5. HP: 10/28 MP: 6/15
  2599 | D:3      | Reached XP level 6. HP: 19/32 MP: 6/17
  2806 | D:3      | Found a snail-covered altar of Cheibriados.
  3418 | D:4      | Reached skill level 3 in Charms
  3465 | D:4      | Noticed WereVolvo's ghost (amateur MfGl)
  3473 | D:4      | Learned a level 4 spell: Control Undead
  3512 | D:4      | Reached XP level 7. HP: 26/36 MP: 9/19
  3625 | D:4      | Killed WereVolvo's ghost
  3999 | D:4      | Found a white marble altar of Elyvilon.
  4194 | D:5      | Entered Level 5 of the Dungeon
  4296 | D:5      | Reached XP level 8. HP: 29/41 MP: 9/22
  4376 | D:5      | Reached skill level 9 in Spellcasting
  4376 | D:5      | Reached skill level 9 in Necromancy
  4452 | D:5      | Noticed a two-headed ogre
  4456 | D:5      | Noticed Blork the orc
  4462 | D:5      | Mangled by a two-headed ogre

Vault maps used:
D:1:      dpeg_arrival_rooms_a
D:2:      nicolae_dithmenos_through_a_glass_darkly,
          chequers_ecumenical_altar_island, first_bread
D:3:      overflow_temple_1_default, uniq_sigmund
D:4:      kennysheep_little_box
D:5:      kennysheep_mini_moat, gup_sewer_entry_spiral,
          nicolae_underground_beach, uniq_blork_the_orc

Skill      XL: |  1  2  3  4  5  6  7  8 |
---------------+-------------------------+-----
Necromancy     | 5 6 7 8 9 |  9.0
Spellcasting   | 4 6 7 8 9 |  9.0
Charms         | 3 |  3.3
Dodging        | |  2.4
Stealth        | |  2.4

Action                   |  1- 3 |  4- 6 |  7- 9 || total
-------------------------+-------+-------+-------++-------
Melee: Dagger            |       |     1 |       ||     1
       Mace              |       |    38 |    34 ||    72
 Cast: Pain              |    71 |    66 |    43 ||   180
       Vampiric Draining |     1 |     3 |     2 ||     6
       Regeneration      |       |     9 |     6 ||    15
       Animate Dead      |       |     3 |     5 ||     8
       Control Undead    |       |       |     3 ||     3
  Use: Potion            |       |     3 |       ||     3
       Scroll            |       |       |     7 ||     7
  Eat: Chunk             |     3 |     5 |     4 ||    12
       Fruit             |       |     1 |       ||     1
Armor: Robe              |     2 |    19 |    11 ||    32
Dodge: Dodged            |     9 |    49 |    31 ||    89
